 Dungeon Crawl Stone Soup version 0.29-a0-997-gf6f7e2dfe7 (webtiles) character file.

Game seed: 3072333154444628689

7126 blackman the Blocker (level 11, 93/93 HPs)
             Began as a Hill Orc Monk on Aug 4, 2022.
             Was a High Priest of Beogh.
             Quit the game on level 10 of the Dungeon.
             The game lasted 00:37:27 (12416 turns).

blackman the Blocker (Hill Orc Monk)               Turns: 12416, Time: 00:37:28

Health: 93/93      AC: 30    Str: 23    XL:     11   Next: 10%
Magic:  11/11      EV:  6    Int: 14    God:    Beogh [*****.]
Gold:   515        SH: 13    Dex: 19    Spells: 10/10 levels left

rFire   + . .      SeeInvis .   P - +0 eveningstar
rCold   . . .      Faith    .   I - +0 kite shield
rNeg    . . .      Spirit   .   x - +10 plate armour of Mysticism {rF+ Int+4 Stlth+}
rPois   .          Reflect  .   y - +1 helmet
rElec   .          Harm     .   r - +0 cloak
rCorr   .          Rampage  .   S - +1 pair of gloves of Wuceg {Str+4}
Will    .....                   R - +0 pair of boots {Fly}
Stlth   ..........              (no amulet)
HPRegen 0.25/turn               o - +6 ring of dexterity
MPRegen 0.12/turn               v - +4 ring of protection

@: flying
A: walk on water
a: Renounce Religion, Smiting, Recall Orcish Followers, Give Item to Named
Follower


You were on level 10 of the Dungeon.
You worshipped Beogh.
Beogh was extremely pleased with you.
You visited 2 branches of the dungeon, and saw 11 of its levels.
You also visited: Sewer and Bailey.

You collected 1258 gold pieces.
You spent 743 gold pieces at shops.

Inventory:

Hand Weapons
 H - a +0 battleaxe
 P - a +0 eveningstar (weapon)
Missiles
 g - 4 silver boomerangs (quivered)
 h - 3 curare-tipped darts
 w - 2 throwing nets
 G - 18 poisoned darts
 T - 2 javelins
Armour
 j - a +0 pair of boots
 r - a +0 cloak (worn)
 x - the +10 plate armour of Mysticism (worn) {rF+ Int+4 Stlth+}
   (You found it on level 3 of the Dungeon)

   Int:       It affects your intelligence (+4).
   rF:        It protects you from fire.
   Stlth:     It makes you more stealthy.
 y - a +1 helmet (worn)
 I - a +0 kite shield (worn)
 R - a +0 pair of boots of flying (worn)
 S - the +1 pair of gloves of Wuceg (worn) {Str+4}
   (You found it on level 8 of the Dungeon)

   Str:       It affects your strength (+4).
Jewellery
 i - a +6 ring of intelligence
 l - a ring of positive energy
 o - a +6 ring of dexterity (left hand)
 v - a +4 ring of protection (right hand)
 J - a ring of protection from fire
 N - an amulet of the acrobat
 Q - a ring of positive energy
Wands
 n - a wand of charming (10)
 O - a wand of flame (22)
 U - a wand of polymorph (8)
Scrolls
 a - a scroll of silence
 b - 3 scrolls of fear {unknown}
 m - a scroll of magic mapping
 s - a scroll of torment
 t - a scroll of noise
 u - a scroll of butterflies
 A - 2 scrolls of poison {unknown}
 B - 7 scrolls of teleportation {unknown}
 C - 3 scrolls of amnesia {unknown}
 L - a scroll of blinking
 M - 3 scrolls of vulnerability {unknown}
 V - 2 scrolls of enchant weapon
 W - a scroll of enchant armour
Potions
 c - 2 potions of ambrosia
 d - a potion of cancellation
 e - 4 potions of might
 f - 5 potions of flight
 k - 4 potions of haste
 p - 4 potions of curing
 q - a potion of degeneration
 z - a potion of attraction
 D - a potion of heal wounds {unknown}
 E - 2 potions of lignification {unknown}
 F - 3 potions of brilliance {unknown}
 K - a potion of magic {unknown}


   Skills:
 * Level 7.6 Fighting
 - Level 12.3(12.9) Axes
 - Level 4.9(8.3) Maces & Flails
 * Level 1.2 Armour
 - Level 2.4 Dodging
 - Level 1.5 Stealth
 - Level 13.0 Shields


You had 10 spell levels left.
You didn't know any spells.
Your spell library contained the following spells:

 Spells                   Type           Power      Damage    Failure   Level
 Beastly Appendage        Tmut           0%         N/A       100%        1
 Wereblood                Tmut           0%         N/A       100%        2
 Gell's Gravitas          Tloc           0%         N/A       100%        3
 Lesser Beckoning         Tloc           0%         N/A       100%        3
 Spider Form              Tmut/Pois      0%         N/A       100%        3
 Teleport Other           Tloc           0%         N/A       100%        3


Dungeon Overview and Level Annotations

Branches:
Dungeon (10/15)            Temple (1/1) D:5            Lair (0/5) D:8
    Orc (0/2) D:9           Sewer (visited)          Bailey (visited)

Altars:
Ashenzari
Cheibriados
Dithmenos
Elyvilon
Fedhas
Hepliaklqana
Kikubaaqudgha
Makhleb
Nemelex Xobeh
Okawaru
Qazlal
Ru
Sif Muna
Trog
Uskayaw
Vehumet
Wu Jian
Xom
Yredelemnul
Zin
The Shining One

Shops:
D:9 [   D:10 *[?*:

Annotations:
D:5 exclusion: statue


Message History

Your orc warrior no longer looks unusually strong.
You swap places.
An orc comes into view. It is wielding a +0 mace.
An orc comes into view. It is wielding a +0 dagger.
The orc falls on its knees before you. It asks, "Are you our saviour?"
Found a chain mail.
Your orc hits the orc with a +0 dagger.
Syrus roars a battlecry!
Your orcs go into a battle-frenzy!
You bludgeon the orc!!
You kill the orc!
Beogh accepts your kill.
No target in view!
Found Unuzuos's Book Boutique.
Found a stone staircase leading down.
W - a scroll of enchant armour Key pressed, stopping explore.
You now have 515 gold pieces (gained 7).
Your orc knight no longer looks unusually strong.
Found a short sword.
Your orc no longer looks unusually strong.
You swap places.
Your orc wizard no longer looks unusually strong.
You swap places.
Your orc no longer looks unusually strong.
You swap places.
Your orc warrior no longer looks unusually strong.
Your orc no longer looks unusually strong.
You swap places.
You reach down and open the door.
There is an open door here.
You reach down and open the door.
You swap places.
You swap places.
You swap places.
e - 4 potions of might (gained 1)
You reach down and open the door.
Found Maiffeax's Armour Emporium.
There is an open door here.
There is an entrance to Maiffeax's Armour Emporium here.
Are you sure you want to abandon this character and quit the game? (Confirm with "yes".)

####....##
##....#
#........#
######
#....o...#
#........#
#....o...#
#...o....#
#..oo....#
#..#o#...#
#..+@+...#
#..#+#...#
#... ...#
#### ###


You could see a friendly orc knight, the friendly Syrus the orc knight, a
friendly orc warrior, a friendly orc wizard and 2 friendly orcs.

Vanquished Creatures
  A two-headed ogre (D:9)
  A troll (D:9)
  A shadow (D:9)
  2 yaks (D:8)
  A wraith (D:9)
  A wyvern (D:9)
  Menkaure (D:6)
  An ice beast (D:6)
  3 orc warriors
  3 ogres
  3 centaurs
  A kobold brigand (D:8)
  3 bullfrogs
  3 scorpions
  A wight (D:6)
  4 killer bees (D:9)
  4 howler monkeys
  2 hounds
  3 jellies
  Crazy Yiuf (D:6)
  3 orc priests
  2 iguanas (D:6)
  5 orc wizards
  11 adders
  5 gnolls
  A shadow imp (D:6)
  2 white imps (D:6)
  3 ufetubi
  3 worms
  4 dart slugs
  11 orcs
  9 bats
  11 endoplasms
  12 giant cockroaches
  8 goblins
  11 hobgoblins
  18 quokkas
  18 ball pythons
  7 frilled lizards
  20 kobolds
  4 rats
208 creatures vanquished.

Vanquished Creatures (collateral kills)
  A two-headed ogre (D:10)
  3 death yaks (D:8)
  The ghost of Tollund the Slasher, a novice DsGl of Makhleb (D:8)
  An unseen horror (D:10)
  A troll (D:9)
  Sigmund (D:6)
  2 wyverns (D:8)
  3 yaks (D:8)
  An ice beast (D:7)
  A phantom (D:6)
  A necrophage (D:8)
  6 wights
  2 killer bees (D:9)
  5 howler monkeys
  2 orc wizards
  A river rat (D:8)
  2 white imps
  7 orcs
  A goblin (Bailey)
  2 hobgoblins (Bailey)
  5 kobolds
  A quokka (D:8)
50 creatures vanquished.

Vanquished Creatures (others)
  2 orc priests
  2 orc warriors
  2 orc wizards
  10 orcs
  A quokka (D:5)
  A plant (D:1)
18 creatures vanquished.

Grand Total: 276 creatures vanquished

Notes
Turn   | Place    | Note
-------+----------+-------------------------------------------
     0 | D:1      | blackman the Hill Orc Monk began the quest for the Orb.
     0 | D:1      | Reached XP level 1. HP: 19/19 MP: 1/1
   260 | D:1      | Found a faded altar of an unknown god.
   324 | D:1      | Reached XP level 2. HP: 24/26 MP: 2/2
   644 | D:1      | Reached skill level 5 in Axes
  1184 | D:1      | Reached XP level 3. HP: 28/31 MP: 3/3
  1869 | D:2      | You fall into a shaft and drop 2 floors!
  1869 | D:4      | Found an ornate altar of the Wu Jian Council.
  2118 | D:4      | Found a hide-covered altar of Uskayaw.
  2170 | D:4      | Noticed an ogre
  2403 | D:4      | Found an ancient bone altar of Kikubaaqudgha.
  2416 | D:4      | Reached XP level 4. HP: 27/39 MP: 4/4
  2827 | D:3      | Found a sacrificial altar of Ru.
  2926 | D:3      | Reached XP level 5. HP: 41/45 MP: 5/5
  3016 | D:3      | Found a bloodstained altar of Trog.
  3152 | D:3      | Identified the +10 plate armour of Mysticism {rF+ Int+4
                  | Stlth+}
  4125 | D:4      | Killed an ogre
  4126 | D:4      | Reached XP level 6. HP: 28/51 MP: 6/6
  4667 | D:5      | Entered Level 5 of the Dungeon
  4667 | D:5      | Found a staircase to the Ecumenical Temple.
  4668 | D:5      | Became a worshipper of Beogh the Brigand
  4668 | D:5      | Reached * piety under Beogh
  4668 | D:5      | Reached ** piety under Beogh
  4686 | Temple   | Entered the Ecumenical Temple
  5100 | D:5      | Found a radiant altar of Vehumet.
  5122 | D:5      | Reached skill level 10 in Axes
  5122 | D:5      | Reached XP level 7. HP: 57/57 MP: 7/7
  5330 | D:5      | Found a stormy altar of Qazlal.
  6004 | D:6      | Reached XP level 8. HP: 43/64 MP: 8/8
  6051 | D:6      | Found a glowing drain.
  6072 | Sewer    | Entered a sewer
  6228 | Sewer    | Reached skill level 1 in Shields
  6309 | Sewer    | Reached *** piety under Beogh
  6467 | Sewer    | Reached skill level 2 in Shields
  6478 | Sewer    | Reached skill level 3 in Shields
  6582 | D:6      | Noticed Menkaure
  6590 | D:6      | Killed Menkaure
  6591 | D:6      | Reached skill level 4 in Shields
  6719 | D:6      | Found an iron altar of Okawaru.
  6771 | D:6      | Found a sparkling altar of Nemelex Xobeh.
  6805 | D:6      | Reached skill level 5 in Shields
  6864 | D:6      | Reached skill level 6 in Shields
  7121 | D:6      | Found a runed translucent door.
  7122 | D:6      | Noticed Crazy Yiuf
  7202 | D:6      | Killed Crazy Yiuf
  7312 | D:6      | Noticed Sigmund
  7320 | D:6      | Killed Sigmund
  7321 | D:6      | Reached skill level 7 in Shields
  7321 | D:6      | Reached XP level 9. HP: 70/70 MP: 9/9
  7346 | D:6      | Reached **** piety under Beogh
  7543 | D:6      | Reached skill level 8 in Shields
  9136 | D:8      | Found a flagged portal.
  9146 | D:8      | Killed a death yak
  9147 | D:8      | Reached skill level 5 in Fighting
  9147 | D:8      | Reached skill level 9 in Shields
  9147 | D:8      | Noticed a death yak
  9147 | D:8      | Noticed a death yak
  9153 | D:8      | Killed a death yak
  9159 | D:8      | Killed a death yak
  9160 | D:8      | Reached skill level 10 in Shields
  9160 | D:8      | Reached XP level 10. HP: 40/84 MP: 10/10
  9307 | Bailey   | Entered a bailey
  9793 | D:8      | Found a staircase to the Lair.
  9834 | D:8      | Identified the +1 pair of gloves of Wuceg {Str+4}
 10185 | D:8      | Identified the +5 ring mail "Kely" {Fly Will+ SInv}
 10377 | D:8      | Reached ***** piety under Beogh
 10379 | D:8      | Reached skill level 11 in Shields
 10641 | D:8      | Found a runed translucent door.
 10641 | D:8      | Noticed Tollund's ghost (novice DsGl)
 10709 | D:8      | Killed Tollund's ghost
 10801 | D:9      | Found a staircase to the Orcish Mines.
 10803 | D:9      | Found Eppeun Qopp's Armour Shoppe.
 10928 | D:9      | Reached skill level 12 in Shields
 11385 | D:9      | Noticed a two-headed ogre
 11391 | D:9      | Killed a two-headed ogre
 11405 | D:9      | Gained Syrus as an ally
 11470 | D:9      | Reached skill level 13 in Shields
 11500 | D:9      | Reached skill level 1 in Maces & Flails
 11598 | D:9      | Found a glowing golden altar of the Shining One.
 11608 | D:9      | Found a glowing silver altar of Zin.
 11608 | D:9      | Found a white marble altar of Elyvilon.
 11978 | D:10     | Entered Level 10 of the Dungeon
 11989 | D:10     | Found Edey's Magic Scroll Boutique.
 11991 | D:10     | Noticed a two-headed ogre
 11999 | D:10     | Killed a two-headed ogre
 12000 | D:10     | Reached XP level 11. HP: 80/92 MP: 11/11
 12058 | D:10     | Bought a scroll of enchant weapon for 127 gold pieces
 12058 | D:10     | Bought a scroll of enchant armour for 127 gold pieces
 12232 | D:10     | Found Dixit's Assorted Antiques.
 12258 | D:10     | Bought a scroll of identify for 64 gold pieces
 12258 | D:10     | Bought a potion of haste for 320 gold pieces
 12274 | D:10     | Found Qaosk's General Store.
 12282 | D:10     | Bought a scroll of enchant weapon for 105 gold pieces
 12330 | D:10     | Reached skill level 1 in Armour
 12345 | D:10     | Found Unuzuos's Book Boutique.
 12413 | D:10     | Found Maiffeax's Armour Emporium.
 12416 | D:10     | Quit the game

Illustrated notes

Levels and vault maps discovered:
D:1:      scummos_arrival_star, layout_basic, nicolae_ecumenical_lake_church,
          serial_bayou_pond_c
D:2:      layout_basic, hangedman_decor_growths
D:3:      layout_rooms, trog_hazing_becter, lemuel_round_altar,
          kennysheep_crisscross
D:4:      layout_loops_ring, mainiacjoe_overflow_six_doors_small,
          amcnicky_altar_gilded, kennysheep_mini_moat, corner_web_ring
D:5:      layout_loops_ring, mainiacjoe_overflow_small_starburst,
          vehumet_statue, minmay_temple_entry_mist, hangedman_glass_teeth
D:6:      minmay_bubble_buster, layout_gridville, lemuel_doored_altar,
          overflow_temple_1_default, portal_sewer_entry_d, uniq_sigmund,
          uniq_menkaure, uniq_crazy_yiuf_cottage
D:7:      layout_loops_ring
D:8:      layout_gridville, dpeg_lair_monsters, gammafunk_ghost_grave,
          enter_bailey_2
D:9:      layout_roguey, dreamdust_divine_triumvirate, orc_david_3
D:10:     layout_basic, mainiacjoe_overflow_alcove_4, serial_shops,
          nicolae_take_the_stairs, nicolae_diamond_shop,
          nicolae_shop_temple_entry_statues_fountains, nicolae_diamond_shop,
          nicolae_shop_behind_doors, kennysheep_diamond
Temple:   hellmonk_temple_forest_ring

Skill      XL: |  1  2  3  4  5  6  7  8  9 10 11 |
---------------+----------------------------------+-----
Axes           | 5 6 7 9 10 11 12 | 12.3
Shields        | 7 10 13 | 13.0
Fighting       | 6 7 |  7.6
Maces & Flails | 4 |  4.9
Armour         | 1 |  1.2
Dodging        | |  2.4
Stealth        | |  1.5

Action                   |  1- 3 |  4- 6 |  7- 9 | 10-12 || total
-------------------------+-------+-------+-------+-------++-------
Melee: Hand axe          |   106 |       |       |       ||   106
       Punch             |     3 |       |       |       ||     3
       War axe           |    23 |   152 |   316 |       ||   491
       Eveningstar       |       |       |    25 |   101 ||   126
Throw: Boomerang         |       |     3 |       |       ||     3
       Dart              |       |       |     9 |     3 ||    12
Invok: Convert to Beogh  |       |     1 |       |       ||     1
       Recall Orcish Fol |       |       |       |     1 ||     1
       Give Item to Name |       |       |       |     1 ||     1
  Use: Scroll            |       |       |     9 |     5 ||    14
 Stab: Sleeping          |     5 |       |       |       ||     5
       Distracted        |       |       |       |     1 ||     1
Armor: Robe              |    28 |    26 |       |       ||    54
       Plate armour      |       |    69 |   221 |   100 ||   390
Dodge: Dodged            |    72 |    74 |    50 |    25 ||   221
Block: Kite shield       |       |       |   120 |   109 ||   229

Table legend: (Time is in decaauts)
 A = Elapsed time spent in this place.
 B = Non-inter-level travel time spent in this place.
 C = Inter-level travel time spent in this place.
 D = Time resting spent in this place.
 E = Time spent auto-exploring this place.
 F = Levels seen in this place.
 G = Mean time per level.
                   A        B        C        D        E       F      G
               +--------+--------+--------+--------+--------+-----+--------+
         Total |  12590 |  12123 |    467 |   2657 |   6999 |  13 |  968.5 |
       Dungeon |  11416 |  10955 |    461 |   2557 |   6467 |  10 | 1141.6 |
        Temple |    136 |    130 |      6 |      0 |    121 |   1 |  136.0 |
         Sewer |    540 |    540 |      0 |      0 |    282 |   1 |  540.0 |
        Bailey |    495 |    495 |      0 |    100 |    129 |   1 |  495.0 |
               +--------+--------+--------+--------+--------+-----+--------+

Top non-repeatable levels by time:
     D:6: 1729 daAuts
     D:1: 1672 daAuts
     D:8: 1430 daAuts
     D:4: 1282 daAuts
     D:9: 1193 daAuts
     D:7: 1056 daAuts
     D:2: 1004 daAuts
     D:5: 864 daAuts
     D:3: 743 daAuts
   Sewer: 540 daAuts
  Bailey: 495 daAuts
    D:10: 440 daAuts
  Temple: 136 daAuts
